[ AOE2 MATCH · #474953777 ]
UnrankedInca vs Britons
Player's team · LOSS
[ REPLAY ANALYSIS · EXTRACTED FROM THE RECORDED GAME ]
Feudal
—
Castle
—
Imperial
—
| APM avg | 26.1 |
| APM peak | 49 |
| eAPM avg | 9.8 |
| Villagers / military | 0 / 0 |
Focus
⚔️ 96.1% · 🌾 3.9%
Unknown (2550) ×78
Feudal
—
Castle
—
Imperial
—
| APM avg | 31.0 |
| APM peak | 112 |
| eAPM avg | 11.7 |
| Villagers / military | 0 / 255 |
Focus
⚔️ 99.5% · 🌾 0.5%
Archer ×255
Feudal
—
Castle
—
Imperial
—
| APM avg | 45.4 |
| APM peak | 87 |
| eAPM avg | 25.7 |
| Villagers / military | 0 / 839 |
Focus
⚔️ 97.8% · 🌾 2.2%
Knight ×839
Feudal
—
Castle
—
Imperial
—
| APM avg | 31.8 |
| APM peak | 83 |
| eAPM avg | 25.8 |
| Villagers / military | 0 / 1187 |
Focus
⚔️ 86.3% · 🌾 13.7%
Steppe Lancer ×610 · Fire Lancer ×368 · Cavalry Archer ×199 · Camel Scout ×10
Feudal
—
Castle
—
Imperial
—
| APM avg | 21.5 |
| APM peak | 67 |
| eAPM avg | 11.8 |
| Villagers / military | 0 / 359 |
Focus
⚔️ 94.3% · 🌾 5.7%
Knight ×299 · Battle Elephant ×60
Feudal
—
Castle
—
Imperial
—
| APM avg | 29.1 |
| APM peak | 59 |
| eAPM avg | 2.5 |
| Villagers / military | 0 / 0 |
Focus
⚔️ 92.0% · 🌾 8.0%
Feudal
—
Castle
—
Imperial
—
| APM avg | 24.8 |
| APM peak | 70 |
| eAPM avg | 18.9 |
| Villagers / military | 0 / 364 |
Focus
⚔️ 94.1% · 🌾 5.9%
Genitour ×219 · Unknown (1944) ×165 · Spearman ×145
Feudal
—
Castle
—
Imperial
—
| APM avg | 37.8 |
| APM peak | 65 |
| eAPM avg | 23.4 |
| Villagers / military | 0 / 1260 |
Focus
⚔️ 96.1% · 🌾 3.9%
Knight ×819 · Cavalry Archer ×440 · Genitour ×1
Match map
Initial resources + every placement click. Lines = walls · curves = elevation contours. ◆ gold · ⬟ stone · ● berries · ✦ relic · ◌ wall gap
Inputs per minute
— GYM BRO - - exchanged3170
Build order — GYM BRO
63 actions detected in the replay
| 11:31 | Build | Barracks |
| 12:20 | Build | Stone Wall |
| 12:35 | Build | Stone Wall |
| 13:01 | Build | Watch Tower |
| 13:17 | Build | Barracks |
| 13:20 | Build | Barracks |
| 13:23 | Build | Barracks |
| 13:25 | Build | Barracks |
| 13:28 | Build | Barracks |
| 13:29 | Build | Barracks |
| 13:37 | Build | Archery Range |
| 14:25 | Research | Tech 1402 |
| 15:40 | Research | Bodkin Arrow |
| 15:41 | Research | Chain Mail Armor |
| 15:41 | Research | Iron Casting |
| 15:59 | Research | Andean Sling |
| 16:00 | Research | Andean Sling |
| 16:03 | Research | Tech 1351 |
| 16:04 | Research | Pikeman (upgrade) |
| 16:05 | Research | Arson |
| 16:05 | Research | Arson |
| 16:35 | Research | Leather Archer Armor |
| 16:37 | Research | Ballistics |
| 16:38 | Research | Guard Tower (upgrade) |
| 16:40 | Research | Treadmill Crane |
| 16:41 | Research | Tech 908 |
| 16:41 | Research | Tech 908 |
| 16:46 | Research | Careening |
| 23:06 | Create | Unit 2550 ×5 |
| 23:06 | Create | Unit 2550 ×5 |
| 23:07 | Create | Unit 2550 ×5 |
| 23:07 | Create | Unit 2550 ×5 |
| 23:07 | Create | Unit 2550 ×5 |
| 23:08 | Create | Unit 2550 ×5 |
| 23:08 | Create | Unit 2550 ×5 |
| 23:08 | Create | Unit 2550 ×5 |
| 23:08 | Create | Unit 2550 ×5 |
| 23:09 | Create | Unit 2550 ×5 |
| 23:09 | Create | Unit 2550 ×5 |
| 23:09 | Create | Unit 2550 ×5 |
| 23:10 | Create | Unit 2550 ×5 |
| 24:19 | Create | Unit 2550 ×5 |
| 24:19 | Create | Unit 2550 ×5 |
| 24:19 | Create | Unit 2550 ×3 |
| 24:43 | Research | Conscription |
| 24:44 | Research | Fabric Shields |
| 24:45 | Research | Elite Kamayuk (upgrade) |
| 24:45 | Research | Elite Kamayuk (upgrade) |
| 24:47 | Research | Spies/Treason |
| 24:48 | Research | Sappers |
| 24:54 | Research | Halberdier (upgrade) |
| 24:59 | Research | Halberdier (upgrade) |
| 25:00 | Research | Tech 1352 |
| 25:44 | Research | Chemistry |
| 25:45 | Research | Keep (upgrade) |
| 25:48 | Research | Blast Furnace |
| 25:48 | Research | Plate Mail Armor |
| 25:49 | Research | Bracer |
| 25:53 | Research | Dry Dock |
| 25:54 | Research | Shipwright |
| 25:55 | Research | Shipwright |
| 25:55 | Research | Arrowslits |
| 25:56 | Research | Siege Engineers |
Build order — exchanged3170
87 actions detected in the replay
| 4:54 | Build | Archery Range |
| 4:55 | Build | Archery Range |
| 4:56 | Build | Archery Range |
| 4:57 | Build | Archery Range |
| 5:01 | Build | Archery Range |
| 5:04 | Build | Archery Range |
| 6:22 | Build | Archery Range |
| 6:31 | Build | Archery Range |
| 6:43 | Build | Archery Range |
| 6:49 | Build | Archery Range |
| 6:51 | Build | Archery Range |
| 6:52 | Build | Archery Range |
| 9:57 | Build | Archery Range |
| 9:59 | Build | Archery Range |
| 10:00 | Build | Archery Range |
| 10:02 | Build | Archery Range |
| 10:03 | Build | Archery Range |
| 10:04 | Build | Archery Range |
| 10:06 | Build | Archery Range |
| 10:08 | Build | Archery Range |
| 10:09 | Build | Archery Range |
| 17:20 | Build | Archery Range |
| 17:22 | Build | Archery Range |
| 17:25 | Build | Archery Range |
| 18:13 | Research | Crossbowman (upgrade) |
| 18:13 | Create | Archer ×5 |
| 18:14 | Create | Archer ×5 |
| 18:14 | Create | Archer ×5 |
| 18:15 | Create | Archer ×5 |
| 18:15 | Create | Archer ×5 |
| 18:15 | Create | Archer ×5 |
| 18:16 | Create | Archer ×5 |
| 18:16 | Create | Archer ×5 |
| 18:16 | Create | Archer ×5 |
| 18:17 | Create | Archer ×5 |
| 18:17 | Create | Archer ×5 |
| 18:18 | Create | Archer ×5 |
| 18:18 | Create | Archer ×5 |
| 18:18 | Create | Archer ×5 |
| 18:19 | Create | Archer ×5 |
| 18:19 | Create | Archer ×5 |
| 18:19 | Create | Archer ×5 |
| 18:20 | Create | Archer ×5 |
| 18:20 | Create | Archer ×5 |
| 18:21 | Create | Archer ×5 |
| 18:21 | Create | Archer ×5 |
| 18:21 | Create | Archer ×5 |
| 18:22 | Create | Archer ×5 |
| 18:22 | Create | Archer ×5 |
| 18:23 | Create | Archer ×5 |
| 18:23 | Create | Archer ×5 |
| 18:23 | Create | Archer ×5 |
| 18:24 | Create | Archer ×5 |
| 18:24 | Create | Archer ×5 |
| 18:24 | Create | Archer ×5 |
| 18:25 | Create | Archer ×5 |
| 18:25 | Create | Archer ×5 |
| 18:26 | Create | Archer ×5 |
| 18:26 | Create | Archer ×5 |
| 18:26 | Create | Archer ×5 |
| 18:27 | Create | Archer ×5 |
| 18:27 | Create | Archer ×5 |
| 18:28 | Create | Archer ×5 |
| 18:28 | Create | Archer ×5 |
| 18:28 | Create | Archer ×5 |
| 18:29 | Create | Archer ×5 |
| 18:29 | Create | Archer ×5 |
| 18:29 | Create | Archer ×5 |
| 18:30 | Create | Archer ×5 |
| 18:30 | Create | Archer ×5 |
| 21:02 | Create | Archer ×5 |
| 21:02 | Create | Archer ×5 |
| 21:02 | Create | Archer ×5 |
| 21:03 | Create | Archer ×5 |
| 21:03 | Create | Archer ×5 |
| 21:03 | Create | Archer ×5 |
| 21:32 | Build | Stable |
| 21:33 | Build | Stable |
| 21:38 | Build | Stable |
| 21:40 | Build | Stable |
| 21:42 | Build | Stable |
| 26:36 | Research | Elite Longbowman (upgrade) |
| 26:39 | Research | Spies/Treason |
| 26:39 | Research | Conscription |
| 26:40 | Research | Warwolf |
| 26:41 | Research | Yeomen |
| 26:41 | Research | Sappers |
Build order — Ole
First 150 of 225 actions detected
| 10:13 | Build | Stable |
| 10:14 | Build | Stable |
| 10:16 | Build | Stable |
| 10:18 | Build | Stable |
| 11:23 | Build | Stable |
| 11:27 | Build | Stable |
| 11:30 | Build | Stable |
| 11:31 | Build | Stable |
| 11:33 | Build | Stable |
| 11:36 | Build | Stable |
| 11:38 | Build | Stable |
| 11:40 | Build | Stable |
| 11:42 | Build | Stable |
| 12:57 | Research | Bloodlines |
| 15:03 | Research | Husbandry |
| 15:08 | Create | Knight ×5 |
| 15:08 | Create | Knight ×5 |
| 15:08 | Create | Knight ×5 |
| 15:08 | Create | Knight ×5 |
| 15:09 | Create | Knight ×5 |
| 15:09 | Create | Knight ×5 |
| 15:09 | Create | Knight ×5 |
| 15:09 | Create | Knight ×5 |
| 15:10 | Create | Knight ×5 |
| 15:10 | Create | Knight ×5 |
| 15:10 | Create | Knight ×5 |
| 15:10 | Create | Knight ×5 |
| 15:11 | Create | Knight ×5 |
| 15:11 | Create | Knight ×5 |
| 15:11 | Create | Knight ×5 |
| 15:11 | Create | Knight ×5 |
| 15:11 | Create | Knight ×5 |
| 15:12 | Create | Knight ×5 |
| 15:16 | Research | Chain Barding Armor |
| 15:18 | Research | Iron Casting |
| 15:18 | Research | Bodkin Arrow |
| 15:19 | Research | Chain Mail Armor |
| 15:19 | Research | Leather Archer Armor |
| 15:19 | Research | Leather Archer Armor |
| 16:17 | Create | Knight ×5 |
| 16:17 | Create | Knight ×5 |
| 16:17 | Create | Knight ×5 |
| 16:18 | Create | Knight ×5 |
| 16:18 | Create | Knight ×5 |
| 16:18 | Create | Knight ×5 |
| 16:18 | Create | Knight ×5 |
| 16:19 | Create | Knight ×5 |
| 16:19 | Create | Knight ×5 |
| 16:19 | Create | Knight ×5 |
| 16:19 | Create | Knight ×5 |
| 16:40 | Build | Stable |
| 16:43 | Build | Stable |
| 16:46 | Build | Stable |
| 16:48 | Build | Stable |
| 17:21 | Create | Knight ×5 |
| 17:21 | Create | Knight ×5 |
| 17:21 | Create | Knight ×5 |
| 17:21 | Create | Knight ×5 |
| 17:22 | Create | Knight ×5 |
| 17:22 | Create | Knight ×5 |
| 17:22 | Create | Knight ×5 |
| 17:22 | Create | Knight ×5 |
| 17:23 | Create | Knight ×5 |
| 17:23 | Create | Knight ×5 |
| 17:23 | Create | Knight ×5 |
| 17:23 | Create | Knight ×5 |
| 17:24 | Create | Knight ×5 |
| 17:24 | Create | Knight ×5 |
| 17:24 | Create | Knight ×5 |
| 17:24 | Create | Knight ×5 |
| 17:25 | Create | Knight ×5 |
| 18:23 | Create | Knight ×5 |
| 18:23 | Create | Knight ×5 |
| 18:23 | Create | Knight ×5 |
| 18:24 | Create | Knight ×5 |
| 18:24 | Create | Knight ×5 |
| 18:24 | Create | Knight ×5 |
| 18:24 | Create | Knight ×5 |
| 18:25 | Create | Knight ×5 |
| 18:34 | Create | Knight ×5 |
| 18:34 | Create | Knight ×5 |
| 18:35 | Create | Knight ×5 |
| 18:35 | Create | Knight ×5 |
| 18:35 | Create | Knight ×5 |
| 18:35 | Create | Knight ×5 |
| 18:36 | Create | Knight ×5 |
| 18:36 | Create | Knight ×5 |
| 18:36 | Create | Knight ×5 |
| 18:36 | Create | Knight |
| 18:37 | Create | Knight ×3 |
| 19:26 | Build | Stable |
| 19:28 | Build | Stable |
| 19:29 | Build | Stable |
| 19:38 | Build | Stable |
| 19:40 | Build | Stable |
| 19:42 | Build | Stable |
| 19:43 | Build | Stable |
| 19:45 | Build | Stable |
| 19:46 | Build | Stable |
| 19:57 | Create | Knight ×5 |
| 19:57 | Create | Knight ×5 |
| 19:57 | Create | Knight ×5 |
| 19:57 | Create | Knight ×5 |
| 19:58 | Create | Knight ×5 |
| 19:58 | Create | Knight ×5 |
| 19:58 | Create | Knight ×5 |
| 19:58 | Create | Knight ×5 |
| 19:59 | Create | Knight ×5 |
| 19:59 | Create | Knight ×5 |
| 19:59 | Create | Knight ×5 |
| 19:59 | Create | Knight ×5 |
| 20:00 | Create | Knight ×5 |
| 21:04 | Create | Knight ×5 |
| 21:04 | Create | Knight ×5 |
| 21:04 | Create | Knight ×5 |
| 21:05 | Create | Knight ×5 |
| 21:05 | Create | Knight ×5 |
| 21:05 | Create | Knight ×5 |
| 21:05 | Create | Knight ×5 |
| 21:06 | Create | Knight ×5 |
| 21:06 | Create | Knight ×5 |
| 21:06 | Create | Knight ×5 |
| 21:07 | Create | Knight ×5 |
| 21:07 | Create | Knight ×5 |
| 21:07 | Create | Knight ×5 |
| 21:07 | Create | Knight ×5 |
| 21:08 | Create | Knight ×5 |
| 21:08 | Create | Knight ×5 |
| 21:08 | Create | Knight ×5 |
| 21:08 | Create | Knight ×5 |
| 21:09 | Create | Knight ×5 |
| 21:09 | Create | Knight ×5 |
| 21:09 | Create | Knight ×5 |
| 22:36 | Research | Cavalier (upgrade) |
| 22:39 | Research | Atheism |
| 22:42 | Research | Tech 1182 |
| 22:44 | Research | Spies/Treason |
| 22:45 | Research | Conscription |
| 22:47 | Research | Sappers |
| 22:51 | Research | Plate Barding Armor |
| 22:51 | Research | Blast Furnace |
| 22:52 | Research | Bracer |
| 22:54 | Research | Chemistry |
| 22:55 | Research | Ballistics |
| 22:56 | Research | Tech 908 |
| 22:56 | Research | Careening |
| 23:06 | Create | Knight ×5 |
| 23:06 | Create | Knight ×5 |
| 23:06 | Create | Knight ×5 |
| 23:07 | Create | Knight ×5 |
Build order — Psyminds
First 150 of 372 actions detected
| 11:39 | Build | Stable |
| 11:39 | Build | Stable |
| 11:40 | Build | Stable |
| 11:41 | Build | Stable |
| 11:49 | Build | Barracks |
| 11:50 | Build | Barracks |
| 11:53 | Build | Barracks |
| 11:54 | Build | Barracks |
| 12:00 | Build | Archery Range |
| 12:01 | Build | Archery Range |
| 12:03 | Build | Archery Range |
| 12:08 | Build | Archery Range |
| 12:15 | Build | Stable |
| 12:17 | Build | Stable |
| 12:18 | Build | Stable |
| 12:19 | Build | Stable |
| 12:22 | Research | Tech 1006 |
| 12:26 | Research | Chain Barding Armor |
| 12:27 | Research | Chain Mail Armor |
| 12:28 | Research | Iron Casting |
| 12:28 | Research | Bodkin Arrow |
| 12:29 | Research | Leather Archer Armor |
| 12:31 | Research | Treadmill Crane |
| 12:32 | Research | Ballistics |
| 12:32 | Research | Guard Tower (upgrade) |
| 12:33 | Research | Tech 908 |
| 12:34 | Research | Careening |
| 12:46 | Research | Husbandry |
| 12:49 | Create | Steppe Lancer ×5 |
| 12:50 | Create | Steppe Lancer ×5 |
| 12:50 | Create | Steppe Lancer ×5 |
| 12:50 | Create | Steppe Lancer ×4 |
| 12:51 | Create | Steppe Lancer ×4 |
| 13:09 | Research | Arson |
| 13:10 | Create | Fire Lancer ×5 |
| 13:11 | Create | Fire Lancer ×5 |
| 13:11 | Create | Fire Lancer ×5 |
| 13:11 | Create | Fire Lancer ×5 |
| 13:11 | Create | Fire Lancer ×4 |
| 13:24 | Create | Steppe Lancer ×5 |
| 13:24 | Create | Steppe Lancer ×5 |
| 13:24 | Create | Steppe Lancer ×5 |
| 13:25 | Create | Steppe Lancer ×5 |
| 13:25 | Create | Steppe Lancer |
| 13:49 | Create | Steppe Lancer ×2 |
| 13:50 | Create | Steppe Lancer ×2 |
| 13:50 | Create | Steppe Lancer ×2 |
| 13:55 | Create | Fire Lancer ×5 |
| 13:56 | Create | Fire Lancer ×5 |
| 13:56 | Create | Fire Lancer ×5 |
| 13:56 | Create | Fire Lancer ×5 |
| 14:06 | Create | Steppe Lancer ×5 |
| 14:06 | Create | Steppe Lancer ×5 |
| 14:06 | Create | Steppe Lancer ×5 |
| 14:07 | Create | Steppe Lancer ×5 |
| 14:07 | Create | Steppe Lancer |
| 14:21 | Create | Steppe Lancer |
| 14:21 | Create | Steppe Lancer |
| 14:21 | Create | Steppe Lancer |
| 14:23 | Create | Fire Lancer |
| 14:23 | Create | Fire Lancer |
| 14:24 | Create | Fire Lancer ×5 |
| 14:24 | Create | Fire Lancer ×5 |
| 14:25 | Create | Fire Lancer ×5 |
| 14:25 | Create | Fire Lancer ×5 |
| 15:00 | Create | Steppe Lancer ×5 |
| 15:00 | Create | Steppe Lancer ×5 |
| 15:00 | Create | Steppe Lancer ×5 |
| 15:01 | Create | Steppe Lancer ×5 |
| 15:01 | Create | Steppe Lancer |
| 15:02 | Create | Steppe Lancer ×5 |
| 15:05 | Create | Steppe Lancer |
| 15:05 | Create | Steppe Lancer |
| 15:05 | Create | Steppe Lancer |
| 15:07 | Create | Fire Lancer ×4 |
| 15:07 | Create | Fire Lancer ×4 |
| 15:07 | Create | Fire Lancer ×4 |
| 15:09 | Create | Fire Lancer ×5 |
| 15:10 | Create | Fire Lancer ×5 |
| 15:10 | Create | Fire Lancer ×5 |
| 15:11 | Create | Fire Lancer ×5 |
| 15:20 | Create | Fire Lancer |
| 15:20 | Create | Fire Lancer |
| 15:40 | Create | Steppe Lancer ×5 |
| 15:40 | Create | Steppe Lancer ×5 |
| 15:41 | Create | Steppe Lancer ×5 |
| 15:41 | Create | Steppe Lancer ×5 |
| 15:42 | Create | Steppe Lancer |
| 15:42 | Create | Steppe Lancer ×2 |
| 15:42 | Create | Steppe Lancer ×2 |
| 15:42 | Create | Steppe Lancer |
| 15:45 | Create | Steppe Lancer |
| 15:45 | Create | Steppe Lancer |
| 15:47 | Create | Fire Lancer ×3 |
| 15:47 | Create | Fire Lancer ×3 |
| 15:55 | Research | Heavy Cavalry Archer (upgrade) |
| 15:56 | Research | Thumb Ring |
| 16:00 | Create | Cavalry Archer ×5 |
| 16:00 | Create | Cavalry Archer ×5 |
| 16:00 | Create | Cavalry Archer ×5 |
| 16:01 | Create | Cavalry Archer ×3 |
| 16:20 | Build | Watch Tower |
| 16:26 | Build | Stable |
| 16:27 | Build | Stable |
| 16:28 | Build | Stable |
| 16:30 | Build | Stable |
| 16:31 | Build | Stable |
| 16:32 | Build | Stable |
| 16:34 | Build | Stable |
| 16:54 | Build | Stable |
| 16:57 | Build | Stable |
| 17:03 | Create | Steppe Lancer ×5 |
| 17:03 | Create | Steppe Lancer ×5 |
| 17:04 | Create | Steppe Lancer ×5 |
| 17:04 | Create | Steppe Lancer |
| 17:04 | Create | Steppe Lancer ×5 |
| 17:05 | Create | Steppe Lancer ×5 |
| 17:05 | Create | Steppe Lancer ×5 |
| 17:05 | Create | Steppe Lancer ×5 |
| 17:06 | Create | Steppe Lancer ×5 |
| 17:06 | Create | Steppe Lancer |
| 17:07 | Create | Steppe Lancer |
| 17:11 | Create | Cavalry Archer ×5 |
| 17:11 | Create | Cavalry Archer ×5 |
| 17:12 | Create | Cavalry Archer ×5 |
| 17:12 | Create | Cavalry Archer ×5 |
| 17:12 | Create | Cavalry Archer ×5 |
| 17:13 | Create | Cavalry Archer |
| 17:17 | Create | Steppe Lancer ×5 |
| 17:17 | Create | Steppe Lancer ×5 |
| 17:18 | Create | Steppe Lancer ×5 |
| 17:18 | Create | Steppe Lancer ×5 |
| 17:29 | Create | Steppe Lancer ×5 |
| 17:30 | Create | Steppe Lancer ×5 |
| 17:30 | Create | Steppe Lancer |
| 17:39 | Build | Barracks |
| 17:41 | Build | Barracks |
| 17:43 | Build | Barracks |
| 17:44 | Build | Barracks |
| 17:45 | Build | Barracks |
| 17:46 | Build | Barracks |
| 17:47 | Build | Barracks |
| 18:01 | Create | Fire Lancer ×5 |
| 18:01 | Create | Fire Lancer ×5 |
| 18:01 | Create | Fire Lancer ×5 |
| 18:02 | Create | Fire Lancer |
| 18:29 | Create | Steppe Lancer ×5 |
| 18:30 | Create | Steppe Lancer ×5 |
| 18:30 | Create | Steppe Lancer ×5 |
| 18:30 | Create | Steppe Lancer ×5 |
Build order — CocaineCowboy
112 actions detected in the replay
| 6:35 | Build | Stable |
| 6:37 | Build | Stable |
| 6:38 | Build | Stable |
| 6:40 | Build | Stable |
| 9:19 | Build | Stable |
| 11:40 | Build | Stable |
| 11:42 | Build | Stable |
| 11:46 | Research | Bloodlines |
| 12:24 | Build | Stone Wall |
| 14:54 | Research | Husbandry |
| 14:57 | Research | Iron Casting |
| 14:58 | Research | Chain Barding Armor |
| 14:58 | Research | Bodkin Arrow |
| 14:58 | Research | Leather Archer Armor |
| 14:59 | Research | Chain Mail Armor |
| 15:03 | Research | Chatras |
| 15:05 | Research | Ballistics |
| 15:06 | Research | Guard Tower (upgrade) |
| 15:07 | Research | Treadmill Crane |
| 15:13 | Create | Knight ×5 |
| 15:14 | Create | Knight ×5 |
| 15:14 | Create | Knight ×5 |
| 15:14 | Create | Knight ×5 |
| 15:15 | Create | Knight ×5 |
| 15:15 | Create | Knight ×5 |
| 15:16 | Create | Knight ×5 |
| 15:16 | Create | Knight ×5 |
| 15:16 | Create | Knight ×5 |
| 15:17 | Create | Knight ×5 |
| 15:17 | Create | Knight ×5 |
| 15:18 | Create | Knight ×5 |
| 15:18 | Create | Knight ×5 |
| 15:18 | Create | Knight ×5 |
| 15:19 | Create | Knight ×5 |
| 15:19 | Create | Knight ×5 |
| 15:20 | Create | Knight ×5 |
| 15:20 | Create | Knight ×5 |
| 15:20 | Create | Knight ×4 |
| 15:57 | Build | Stable |
| 15:58 | Build | Stable |
| 16:00 | Build | Stable |
| 17:18 | Create | Knight ×5 |
| 17:19 | Create | Knight ×5 |
| 17:20 | Create | Knight ×5 |
| 17:20 | Create | Knight ×5 |
| 17:21 | Create | Knight ×5 |
| 17:21 | Create | Knight ×5 |
| 17:21 | Create | Knight ×5 |
| 17:47 | Create | Knight ×5 |
| 17:48 | Create | Knight ×5 |
| 17:48 | Create | Knight ×5 |
| 17:49 | Create | Knight ×5 |
| 18:43 | Build | Stable |
| 18:45 | Build | Stable |
| 18:46 | Build | Stable |
| 18:48 | Create | Knight ×5 |
| 18:49 | Create | Knight ×5 |
| 18:49 | Create | Knight ×5 |
| 18:50 | Create | Knight ×5 |
| 18:50 | Create | Knight ×5 |
| 18:50 | Create | Knight ×5 |
| 18:51 | Create | Knight ×5 |
| 18:51 | Create | Knight ×5 |
| 19:26 | Create | Knight ×5 |
| 19:26 | Create | Knight ×5 |
| 19:27 | Create | Knight ×5 |
| 19:47 | Create | Knight ×5 |
| 19:47 | Create | Knight ×5 |
| 20:24 | Create | Knight ×5 |
| 20:25 | Create | Knight ×5 |
| 20:25 | Create | Knight ×5 |
| 20:26 | Create | Knight ×5 |
| 20:26 | Create | Knight ×5 |
| 20:26 | Create | Knight ×5 |
| 21:16 | Create | Knight ×5 |
| 21:16 | Create | Knight ×5 |
| 21:16 | Create | Knight ×5 |
| 21:17 | Create | Knight ×5 |
| 21:17 | Create | Knight ×5 |
| 21:18 | Create | Knight ×5 |
| 22:00 | Research | Plate Mail Armor |
| 22:01 | Research | Plate Barding Armor |
| 22:06 | Research | Bracer |
| 22:06 | Research | Ring Archer Armor |
| 22:07 | Research | Plate Mail Armor |
| 22:09 | Research | Tech 621 |
| 22:10 | Research | Spies/Treason |
| 22:12 | Research | Paper Money |
| 22:13 | Research | Sappers |
| 22:17 | Research | Elite Battle Elephant (upgrade) |
| 22:18 | Research | Cavalier (upgrade) |
| 22:24 | Research | Chemistry |
| 22:25 | Research | Siege Engineers |
| 22:26 | Research | Keep (upgrade) |
| 22:26 | Research | Arrowslits |
| 24:03 | Create | Battle Elephant ×5 |
| 24:04 | Create | Battle Elephant ×5 |
| 24:04 | Create | Battle Elephant ×5 |
| 24:04 | Create | Battle Elephant ×5 |
| 24:05 | Create | Battle Elephant ×5 |
| 24:05 | Create | Battle Elephant ×5 |
| 24:06 | Create | Battle Elephant ×5 |
| 24:06 | Create | Battle Elephant ×5 |
| 24:06 | Create | Battle Elephant ×5 |
| 24:07 | Create | Battle Elephant ×5 |
| 25:33 | Create | Battle Elephant ×5 |
| 25:33 | Create | Battle Elephant ×5 |
| 25:38 | Create | Knight ×5 |
| 25:39 | Create | Knight ×5 |
| 25:40 | Create | Knight ×5 |
| 25:40 | Create | Knight ×5 |
| 25:40 | Create | Knight ×5 |
Build order — abnsn
9 actions detected in the replay
| 16:50 | Research | Ballistics |
| 16:53 | Research | Chain Barding Armor |
| 16:55 | Research | Iron Casting |
| 16:55 | Research | Leather Archer Armor |
| 17:02 | Research | Bodkin Arrow |
| 17:05 | Research | Leather Archer Armor |
| 17:08 | Research | Chain Barding Armor |
| 19:34 | Research | Guard Tower (upgrade) |
| 20:12 | Research | Kasbah |
Build order — l3us Driver
149 actions detected in the replay
| 6:44 | Build | Stone Wall |
| 8:23 | Build | Barracks |
| 8:24 | Build | Archery Range |
| 8:26 | Build | Stable |
| 11:07 | Build | Archery Range |
| 11:09 | Build | Archery Range |
| 11:11 | Build | Archery Range |
| 11:18 | Build | Stable |
| 11:19 | Build | Stable |
| 11:21 | Build | Stable |
| 15:33 | Build | Stable |
| 15:36 | Build | Archery Range |
| 17:07 | Research | Thumb Ring |
| 17:08 | Research | Crossbowman (upgrade) |
| 17:09 | Research | Elite Skirmisher (upgrade) |
| 17:14 | Research | Husbandry |
| 17:14 | Research | Light Cavalry (upgrade) |
| 17:20 | Research | Tech 1070 |
| 17:20 | Research | Tech 1070 |
| 17:23 | Research | Ballistics |
| 17:24 | Research | Guard Tower (upgrade) |
| 17:25 | Research | Tech 908 |
| 17:25 | Research | Careening |
| 17:28 | Research | Chain Mail Armor |
| 17:30 | Research | Bodkin Arrow |
| 17:30 | Research | Leather Archer Armor |
| 17:31 | Research | Chain Barding Armor |
| 17:39 | Research | Gambesons |
| 17:40 | Research | Pikeman (upgrade) |
| 17:41 | Research | Long Swordsman (upgrade) |
| 17:48 | Build | Barracks |
| 17:50 | Build | Barracks |
| 17:51 | Build | Barracks |
| 17:53 | Build | Barracks |
| 19:41 | Create | Genitour ×5 |
| 19:41 | Create | Genitour ×5 |
| 19:41 | Create | Genitour ×5 |
| 19:42 | Create | Genitour ×5 |
| 19:42 | Create | Genitour ×5 |
| 19:42 | Create | Genitour ×5 |
| 19:43 | Create | Genitour ×5 |
| 19:43 | Create | Genitour ×5 |
| 19:43 | Create | Genitour ×5 |
| 19:44 | Create | Genitour ×5 |
| 19:44 | Create | Genitour ×5 |
| 19:44 | Create | Genitour ×5 |
| 19:45 | Create | Genitour ×5 |
| 19:45 | Create | Genitour ×5 |
| 19:45 | Create | Genitour ×5 |
| 19:46 | Create | Genitour ×5 |
| 19:46 | Create | Genitour ×5 |
| 19:50 | Create | Unit 1944 ×5 |
| 19:50 | Create | Unit 1944 ×5 |
| 19:50 | Create | Unit 1944 ×5 |
| 19:51 | Create | Unit 1944 ×5 |
| 19:51 | Create | Unit 1944 ×5 |
| 19:52 | Create | Unit 1944 ×5 |
| 19:52 | Create | Unit 1944 ×5 |
| 19:52 | Create | Unit 1944 ×5 |
| 19:52 | Create | Unit 1944 ×5 |
| 19:53 | Create | Unit 1944 ×5 |
| 19:53 | Create | Unit 1944 ×5 |
| 19:53 | Create | Unit 1944 ×5 |
| 19:57 | Create | Spearman ×5 |
| 19:57 | Create | Spearman ×5 |
| 19:58 | Create | Spearman ×5 |
| 19:58 | Create | Spearman ×5 |
| 19:58 | Create | Spearman ×5 |
| 20:14 | Create | Spearman ×5 |
| 20:14 | Create | Spearman ×5 |
| 20:15 | Create | Spearman ×5 |
| 20:15 | Create | Spearman ×5 |
| 20:15 | Create | Spearman ×5 |
| 20:44 | Create | Spearman ×5 |
| 20:45 | Create | Spearman ×5 |
| 20:45 | Create | Spearman ×5 |
| 20:45 | Create | Spearman ×5 |
| 20:46 | Create | Spearman ×5 |
| 20:46 | Create | Spearman ×5 |
| 20:53 | Create | Unit 1944 ×5 |
| 20:54 | Create | Unit 1944 ×5 |
| 20:54 | Create | Unit 1944 ×5 |
| 20:54 | Create | Unit 1944 ×5 |
| 20:54 | Create | Unit 1944 ×5 |
| 20:55 | Create | Unit 1944 ×5 |
| 20:59 | Create | Genitour ×5 |
| 20:59 | Create | Genitour ×5 |
| 20:59 | Create | Genitour ×5 |
| 21:00 | Create | Genitour ×5 |
| 21:02 | Create | Genitour ×5 |
| 21:02 | Create | Genitour ×5 |
| 21:02 | Create | Genitour ×5 |
| 21:32 | Build | Archery Range |
| 21:59 | Create | Genitour ×5 |
| 21:59 | Create | Genitour ×5 |
| 21:59 | Create | Genitour ×5 |
| 22:02 | Create | Genitour ×5 |
| 22:02 | Create | Genitour ×5 |
| 22:07 | Create | Unit 1944 ×5 |
| 22:07 | Create | Unit 1944 ×5 |
| 22:07 | Create | Unit 1944 ×5 |
| 22:10 | Create | Spearman ×5 |
| 22:10 | Create | Spearman ×5 |
| 22:11 | Create | Spearman ×5 |
| 22:11 | Create | Spearman ×5 |
| 22:58 | Build | Stable |
| 23:32 | Create | Spearman ×5 |
| 23:33 | Create | Spearman ×5 |
| 23:33 | Create | Spearman ×5 |
| 23:33 | Create | Spearman ×4 |
| 23:39 | Create | Unit 1944 ×5 |
| 23:39 | Create | Unit 1944 ×5 |
| 23:39 | Create | Unit 1944 ×5 |
| 23:40 | Create | Unit 1944 ×5 |
| 23:40 | Create | Unit 1944 ×5 |
| 23:40 | Create | Unit 1944 ×5 |
| 23:46 | Create | Genitour ×5 |
| 23:46 | Create | Genitour ×5 |
| 23:47 | Create | Genitour ×5 |
| 23:47 | Create | Genitour ×5 |
| 23:47 | Create | Genitour ×5 |
| 23:48 | Create | Genitour ×5 |
| 23:48 | Create | Genitour ×5 |
| 23:48 | Create | Genitour ×5 |
| 23:49 | Create | Genitour ×5 |
| 24:12 | Create | Genitour ×5 |
| 24:12 | Create | Genitour ×5 |
| 24:13 | Create | Genitour |
| 24:39 | Build | Archery Range |
| 24:45 | Create | Genitour ×5 |
| 24:45 | Create | Genitour ×5 |
| 24:45 | Create | Genitour ×5 |
| 24:46 | Create | Genitour |
| 24:47 | Create | Genitour |
| 24:47 | Create | Genitour |
| 24:54 | Create | Unit 1944 ×5 |
| 24:54 | Create | Unit 1944 ×5 |
| 24:55 | Create | Unit 1944 ×5 |
| 24:55 | Create | Unit 1944 ×5 |
| 24:55 | Create | Unit 1944 ×5 |
| 24:56 | Create | Unit 1944 ×5 |
| 25:02 | Create | Spearman ×5 |
| 25:03 | Create | Spearman ×5 |
| 25:03 | Create | Spearman ×5 |
| 25:03 | Create | Spearman ×5 |
| 25:04 | Create | Spearman |
| 25:04 | Create | Spearman |
| 25:06 | Create | Spearman ×2 |
| 25:06 | Create | Spearman ×2 |
Build order — Sponte
First 150 of 337 actions detected
| 3:20 | Build | Stone Wall |
| 3:40 | Build | Stone Wall |
| 6:05 | Build | Building 487 |
| 6:16 | Build | Archery Range |
| 6:17 | Build | Archery Range |
| 6:21 | Build | Stable |
| 6:24 | Build | Stable |
| 7:10 | Build | Archery Range |
| 8:26 | Research | Husbandry |
| 8:26 | Research | Bloodlines |
| 8:38 | Build | Archery Range |
| 8:40 | Build | Archery Range |
| 8:41 | Build | Archery Range |
| 8:42 | Build | Archery Range |
| 8:50 | Build | Archery Range |
| 8:59 | Research | Corvinian Army |
| 8:59 | Research | Corvinian Army |
| 9:06 | Research | Treadmill Crane |
| 9:07 | Research | Ballistics |
| 9:08 | Research | Guard Tower (upgrade) |
| 9:08 | Research | Guard Tower (upgrade) |
| 9:09 | Research | Careening |
| 9:09 | Research | Careening |
| 9:10 | Research | Tech 908 |
| 9:10 | Research | Tech 908 |
| 9:13 | Research | Chain Barding Armor |
| 9:14 | Research | Bodkin Arrow |
| 9:15 | Research | Chain Mail Armor |
| 9:15 | Research | Leather Archer Armor |
| 10:38 | Build | Stable |
| 10:39 | Build | Stable |
| 10:41 | Build | Stable |
| 10:42 | Build | Stable |
| 10:44 | Build | Stable |
| 10:51 | Research | Thumb Ring |
| 10:54 | Research | Crossbowman (upgrade) |
| 10:54 | Research | Elite Skirmisher (upgrade) |
| 10:55 | Create | Cavalry Archer ×5 |
| 10:55 | Create | Cavalry Archer ×5 |
| 10:56 | Create | Cavalry Archer ×5 |
| 10:56 | Create | Cavalry Archer ×5 |
| 10:56 | Create | Cavalry Archer ×5 |
| 10:56 | Create | Cavalry Archer ×5 |
| 10:56 | Create | Cavalry Archer ×5 |
| 10:56 | Create | Cavalry Archer ×5 |
| 10:56 | Create | Cavalry Archer ×5 |
| 10:57 | Create | Cavalry Archer ×5 |
| 10:57 | Create | Cavalry Archer ×5 |
| 10:57 | Create | Cavalry Archer ×5 |
| 10:57 | Create | Cavalry Archer ×5 |
| 10:57 | Create | Cavalry Archer ×5 |
| 10:57 | Create | Cavalry Archer ×5 |
| 10:57 | Create | Cavalry Archer ×5 |
| 10:57 | Create | Cavalry Archer ×5 |
| 11:04 | Create | Knight ×5 |
| 11:04 | Create | Knight ×5 |
| 11:05 | Create | Knight ×5 |
| 11:05 | Create | Knight ×5 |
| 11:05 | Create | Knight ×5 |
| 11:05 | Create | Knight ×5 |
| 11:05 | Create | Knight ×5 |
| 11:05 | Create | Knight ×5 |
| 12:17 | Build | Stable |
| 12:18 | Build | Stable |
| 12:20 | Build | Stable |
| 12:22 | Build | Stable |
| 12:26 | Build | Stable |
| 13:24 | Create | Knight ×5 |
| 13:24 | Create | Knight ×5 |
| 13:24 | Create | Knight ×5 |
| 13:24 | Create | Knight ×5 |
| 13:25 | Create | Knight ×5 |
| 13:25 | Create | Knight ×5 |
| 13:25 | Create | Knight ×5 |
| 13:25 | Create | Knight ×5 |
| 13:25 | Create | Knight ×5 |
| 13:25 | Create | Knight ×5 |
| 13:26 | Create | Knight ×5 |
| 13:26 | Create | Knight ×5 |
| 13:26 | Create | Knight ×5 |
| 13:26 | Create | Knight ×5 |
| 13:26 | Create | Knight ×5 |
| 13:26 | Create | Knight ×5 |
| 14:02 | Create | Knight ×5 |
| 14:02 | Create | Knight ×5 |
| 14:03 | Create | Knight ×5 |
| 14:03 | Create | Knight ×5 |
| 14:03 | Create | Knight ×5 |
| 14:03 | Create | Knight ×5 |
| 14:04 | Create | Knight |
| 14:04 | Create | Knight |
| 14:05 | Create | Knight ×2 |
| 14:05 | Create | Knight ×2 |
| 14:05 | Create | Knight ×2 |
| 14:05 | Create | Knight ×2 |
| 14:10 | Create | Cavalry Archer ×5 |
| 14:10 | Create | Cavalry Archer ×5 |
| 14:11 | Create | Cavalry Archer ×5 |
| 14:11 | Create | Cavalry Archer ×5 |
| 14:11 | Create | Cavalry Archer ×5 |
| 14:11 | Create | Cavalry Archer ×5 |
| 14:11 | Create | Cavalry Archer ×5 |
| 14:11 | Create | Cavalry Archer ×5 |
| 14:12 | Create | Cavalry Archer ×5 |
| 14:12 | Create | Cavalry Archer ×5 |
| 14:12 | Create | Cavalry Archer ×5 |
| 14:12 | Create | Cavalry Archer ×5 |
| 14:12 | Create | Cavalry Archer ×5 |
| 14:12 | Create | Cavalry Archer ×5 |
| 14:12 | Create | Cavalry Archer ×5 |
| 14:13 | Create | Cavalry Archer ×5 |
| 14:13 | Create | Cavalry Archer ×5 |
| 15:21 | Create | Knight ×5 |
| 15:21 | Create | Knight ×5 |
| 15:21 | Create | Knight ×5 |
| 15:22 | Create | Knight ×5 |
| 15:22 | Create | Knight ×5 |
| 15:22 | Create | Knight ×5 |
| 15:22 | Create | Knight ×5 |
| 15:22 | Create | Knight ×5 |
| 15:22 | Create | Knight ×5 |
| 15:22 | Create | Knight ×5 |
| 15:23 | Create | Knight ×5 |
| 16:09 | Build | Stable |
| 16:11 | Build | Stable |
| 16:14 | Build | Stable |
| 16:22 | Build | Stable |
| 17:10 | Create | Knight ×5 |
| 17:11 | Create | Knight ×5 |
| 17:11 | Create | Knight ×5 |
| 17:11 | Create | Knight ×5 |
| 17:11 | Create | Knight ×5 |
| 17:11 | Create | Knight ×5 |
| 17:11 | Create | Knight ×5 |
| 17:11 | Create | Knight ×5 |
| 17:12 | Create | Knight ×5 |
| 17:12 | Create | Knight ×5 |
| 17:12 | Create | Knight ×5 |
| 17:12 | Create | Knight ×5 |
| 17:12 | Create | Knight ×5 |
| 17:12 | Create | Knight ×5 |
| 17:13 | Create | Knight ×5 |
| 17:13 | Create | Knight ×5 |
| 17:13 | Create | Knight ×5 |
| 17:13 | Create | Knight ×5 |
| 17:13 | Create | Knight ×5 |
| 17:13 | Create | Knight ×5 |
| 17:13 | Create | Knight ×5 |
| 17:19 | Create | Cavalry Archer ×5 |
| 17:19 | Create | Cavalry Archer ×5 |
Match timeline
| 3:20 | Sponte · wall_segment Stone Wall x14 |
| 3:40 | Sponte · wall_segment Stone Wall x17 |
| 4:54 | exchanged3170 · first_building Archery Range |
| 6:16 | Sponte · first_building Archery Range |
| 6:21 | Sponte · first_building Stable |
| 6:35 | CocaineCowboy · first_building Stable |
| 6:44 | l3us Driver · wall_segment Stone Wall x17 |
| 8:23 | l3us Driver · first_building Barracks |
| 8:24 | l3us Driver · first_building Archery Range |
| 8:26 | l3us Driver · first_building Stable |
| 10:13 | Ole · first_building Stable |
| 11:31 | GYM BRO · first_building Barracks |
| 11:39 | Psyminds · first_building Stable |
| 11:49 | Psyminds · first_building Barracks |
| 12:00 | Psyminds · first_building Archery Range |
| 12:20 | GYM BRO · wall_segment Stone Wall x13 |
| 12:24 | CocaineCowboy · wall_segment Stone Wall x8 |
| 12:35 | GYM BRO · wall_segment Stone Wall x3 |
| 13:37 | GYM BRO · first_building Archery Range |
| 21:32 | exchanged3170 · first_building Stable |
| 23:58 | Sponte · wall_segment Stone Wall x1 |
| 26:27 | Sponte · resign |
[ AI ANALYSIS · 1 CREDIT ]
What really happened in this match?
Wolo.gg analyzes every decision: build order, eco, micro, common mistakes by bracket. Personalized analysis on WhatsApp or Discord in 30 seconds.
Civ guide
Inca
Map guide
CBA_=REQUIEM=_V292 (Scenario)
Perfil
Jugador #9487821